Zazza, neutral female human Tourist # ----------- ----+--- ------ |.........| |......| ##......# ------- |..........#####|.`....| # |(...|# ##+.....| |.........| #|.<.....###### |....|# # |.....| -|--------- #|....[.| ######-....|# ####......| ##### ##.......| |....|# ####--.---- # ##----.--- --h-.-### #### # ### ###################@############################## # # # # # #################### # # ## # ##### # --------.-----# # ----.-----# # #####.............|# # |._......|# ##### # # |............|# # |........|# # # ### ###|............|# # |........|# ##### ## # #............>|# ####### |........|# ---.--------.- ### |.............# -.-.-- |.........# |............| # -----------+-- |....| ---------- |............|### # |....| |.............# |....| -------------- ------ Zazza the Rambler Experience level: 1 Strength: 14 Dexterity: 9 Constitution: 15 Intelligence: 14 Wisdom: 10 Charisma: 18 Health: 0(10) Energy: 4(4) Def: 8 Gold: 1391 Moves: 2408 Dungeon seed: c8jjrrUEGINDQ74G Game ID: Zazza_1619682548 Your Inventory: Coins $ - 1391 gold pieces Amulets C - a cursed amulet of change Weapons a - 28 +2 darts j - 8 +0 darts s - 2 +0 daggers (wielded) D - a +0 orcish dagger Armor n - an uncursed +0 Hawaiian shirt (being worn) q - an uncursed +0 orcish helm r - an uncursed +0 leather cloak (being worn) N - an uncursed +0 orcish helm (being worn) P - an uncursed +0 dwarvish mithril-coat (being worn) Comestibles b - 5 uncursed food rations c - 2 uncursed tripe rations Scrolls l - an uncursed scroll of confuse monster t - an uncursed scroll of taming w - an uncursed scroll of identify B - an uncursed scroll of enchant armor E - an uncursed scroll of remove curse I - an uncursed scroll of light K - an uncursed scroll of blank paper Q - a cursed scroll of teleportation V - an uncursed scroll of create monster Spellbooks G - an uncursed spellbook of magic missile Potions e - 2 uncursed potions of extra healing k - an uncursed potion of gain ability u - an uncursed potion of restore ability x - 2 uncursed potions of booze z - an uncursed potion of healing L - 2 uncursed potions of sleeping Wands M - a wand of digging (0:3) Tools h - an expensive camera (0:48) i - an uncursed credit card m - an uncursed lock pick H - an uncursed tin whistle J - an uncursed lock pick R - an uncursed towel Gems y - 2 uncursed worthless pieces of white glass S - an uncursed worthless piece of violet glass Y - an uncursed worthless piece of blue glass Spells and supernatural/magical abilities: Name Level Category Fail Memory W - pray for help -- divine ? -- Your skills at the end: Fighting Skills Weapon Skills dart [Basic] Spellcasting Skills Final Attributes: You were nominally aligned. You were lucky. You are dead. Vanquished creatures: 2 homunculi a brown mold 2 yellow molds a green mold a red mold 6 geckos 12 jackals a kobold 3 goblins 2 sewer rats 9 grid bugs 5 lichens 6 newts 51 creatures vanquished. Voluntary challenges: You used a wielded weapon 2 times, starting on turn 1755. You read items or engraved 6 times, starting on turn 1. You never genocided any monsters. You never polymorphed an object. You never changed form. You used no wishes. You never split a pudding. You wrote Elbereth's name 2 times, starting on turn 1461. You never violated your personal moral code. Dungeon overview: The Dungeons of Doom: levels 1 to 6 Level 1 an altar to Blind Io, a fountain a long staircase Level 2 an altar to The Lady, a fountain, a sink stairs to The Gnomish Mines Level 3 Level 4 a fountain Level 5 a fountain Level 6 <- You were here an altar to Blind Io The Gnomish Mines: Level 3 stairs to The Dungeons of Doom History has recorded: On T:1 you entered the Dungeons of Doom to retrieve the Amulet of Yendor! On T:170 you reached level 2 of The Dungeons of Doom. On T:535 you reached level 3 of The Dungeons of Doom. On T:684 you reached level 1 of The Gnomish Mines. On T:1387 you reached level 4 of The Dungeons of Doom. On T:1956 you reached level 5 of The Dungeons of Doom. On T:2012 you reached level 6 of The Dungeons of Doom. Score breakdown: Gold: 1030 (10250 points) Experience: 1 level ( 0 points) Exploration: 6 levels ( 11.76%) ( 9486 points) Discoveries: 4 items ( 1.34%) ( 3475 points) Valuables value: (no points given unless you survive) Artifact value: 0 ( 0 points) Variety of kills: 13 monsters ( 3.41%) ( 5541 points) Turncount: 2408 turns ( -275 points) Survival: died (score multiplied by 80%) Total score: 22781 Latest messages: You see here a yellow mold corpse. Where do you want to travel to? You displace Armand. You stop. Armand is in the way! You see here a chain mail. You hear some noises. $ - 121 gold pieces. There is an altar to Blind Io (lawful) here. As you read the scroll, it disappears. A map coalesces in your mind! You displace Armand. The door opens. You hear some noises. You stop running. The grid bug bites! You stop. Armand is in the way! The grid bug bites! You displace Armand. You hear some noises. The hobbit hits! You miss the hobbit. The hobbit hits! You die... Final status: Aloha Zazza the Tourist, killed by a hobbit... You died in The Dungeons of Doom on dungeon level 6 with 22781 points, and 1391 pieces of gold, after 2408 moves. You were level 1 with a maximum of 10 hit points when you died.